 Dungeon Crawl Stone Soup version 0.31-a0-1467-g53b6572822 (webtiles) character file.

Game seed: 2740824175784309713

737 notlob the Mimic (level 7, -4/43 HPs)
             Began as an Octopode Shapeshifter on Dec 28, 2023.
             Was an Initiate of Gozag.
             Slain by an orc
             ... wielding a +0 trident
              (7 damage)
             ... on level 5 of the Dungeon.
             The game lasted 00:08:24 (5170 turns).

notlob the Mimic (Octopode Shapeshifter)            Turns: 5170, Time: 00:08:25

Health: -4/43      AC:  1    Str: 13    XL:     7   Next: 74%
Magic:  7/7        EV: 13    Int: 12    God:    Gozag
Gold:   214        SH:  0    Dex: 14    Spells: 6/6 levels left

rFire   . .          .
                       - Unarmed
rCold   . . .        (no shield)
rNeg    . . .        (helmet currently unavailable)
rPois   .            (no amulet)
rElec   .            (no ring)
rCorr   .            (no ring)
SInv    .            (no ring)
Will    .....        (no ring)
Stlth   ++           (no ring)
HPRegen 0.27/turn    (no ring)
MPRegen 0.10/turn    (no ring)
                     (no ring)

%: no passive effects
@: beast-form, gold aura
A: beast (slay +4), almost no armour, amphibious, 8 rings, camouflage 1,
gelatinous body 1, (nimble swimmer 1), tentacles
a: Begin Untransformation, Renounce Religion, Potion Petition, Call Merchant,
Bribe Branch


You were on level 5 of the Dungeon.
You worshipped Gozag.
Gozag was aware of your devotion.
You were a hulking beast.
You visited 2 branches of the dungeon, and saw 6 of its levels.

You collected 408 gold pieces.
You spent 60 gold pieces at shops.
You paid 134 gold pieces to Gozag.

Inventory:

Hand Weapons
 h - a +1 sling
Missiles
 o - 22 stones
 q - 5 poisoned darts
Armour
 f - a scarf of resistance
 g - a +2 hat
Jewellery
 t - an amulet of faith
Talismans
 b - a beast talisman
 c - a flux talisman
Scrolls
 l - 2 scrolls of fear
 m - 2 scrolls of teleportation
 s - a scroll of poison {unknown}
 u - a scroll of enchant weapon
 v - a scroll of identify
Potions
 a - a potion of lignification
 d - a potion of attraction
 e - a potion of curing
 i - a potion of ambrosia
 n - 2 potions of enlightenment
 p - 2 potions of mutation {unknown}
 r - 5 potions of brilliance {unknown}
 w - a potion of haste {unknown}


   Skills:
 - Level 1.0 Fighting
 - Level 2.0 Dodging
 - Level 3.0 Unarmed Combat
 + Level 8.2 Shapeshifting


You had 6 spell levels left.
You didn't know any spells.
Your spell library contained the following spells:

 Spells                   Type           Power      Damage    Failure   Level
 Static Discharge         Conj/Air       0%         3-3/arc   45%         2
 Gell's Gravitas          Tloc           0%         N/A       69%         3
 Inner Flame              Hex/Fire       0%         N/A       69%         3
 Teleport Other           Tloc           0%         N/A       69%         3
 Airstrike                Air            0%         2d(0-16)  97%         4
 Flame Wave               Conj/Fire      0%         2d4       97%         4
 Sticky Flame             Fire/Alch      0%         2d4       97%         4
 Summon Blazeheart Golem  Fire/Summ      0%         N/A       97%         4
 Summon Lightning Spire   Summ/Air       0%         N/A       97%         4
 Summon Forest            Summ/Tloc      0%         N/A       100%        5
 Summon Mana Viper        Hex/Summ       0%         N/A       100%        5
 Dispersal                Tloc           0%         N/A       100%        6
 Summon Cactus Giant      Summ           0%         N/A       100%        6
 Orb of Destruction       Conj           0%         9d5       100%        7
 Spellforged Servitor     Conj/Summ      0%         N/A       100%        7


Dungeon Overview and Level Annotations

Branches:
Dungeon (5/15)             Temple (1/1) D:4

Altars:
Cheibriados
Elyvilon
Fedhas
Gozag
Hepliaklqana
Kikubaaqudgha
Nemelex Xobeh
Okawaru
Qazlal
Sif Muna
Vehumet
Wu Jian
Xom
Yredelemnul
Zin
The Shining One

Shops:
D:2 ?   D:4 *


Innate Abilities, Weirdness & Mutations

You are a hulking beast.
Your limbs bulge with bestial killing power. (Slay +4)
You cannot wear most types of armour.
You are amphibious.
You can wear up to eight rings at the same time.
Your skin changes colour to match your surroundings (Stealth+).
Your rubbery body absorbs attacks. (AC +1, EV +1)
((You are camouflaged when in or above water. (Stealth+)))
You have tentacles for arms and can constrict up to eight enemies at once.


Message History

The orc hits you from afar with a +0 trident.
The orc wizard casts a spell at you. The puff of flame hits you!
The orc wizard is distracted by your dazzling golden aura.
You release your grip on the orc.
An orc comes into view. It is wielding a +0 flail.
You closely miss the orc wizard. You grab the orc wizard.
You constrict the orc wizard, but do no damage.
The orc hits you from afar with a +0 trident.
The orc wizard hits you with a +0 dagger.
* * * LOW HITPOINT WARNING * * *
The orc is distracted by your dazzling golden aura.
The orc shouts!
Unknown command.
You tentacle-slap the orc wizard. You squeeze the orc wizard.
The orc wizard is heavily wounded.
You constrict the orc wizard.
The orc wizard is no longer distracted by gold.
The orc barely misses you. The orc wizard closely misses you.
You barely miss the orc wizard.
The orc wizard is severely wounded.
You constrict the orc wizard.
You kill the orc wizard!
The orc is no longer distracted by gold.
The orc barely misses you. The orc misses you.
Unknown command.
You tentacle-slap the orc. You grab the orc.
The orc is heavily wounded.
You constrict the orc, but do no damage.
The orc hits you from afar with a +0 trident.
* * * LOW HITPOINT WARNING * * *
The orc hits you with a +0 dagger.
* * * LOW HITPOINT WARNING * * *
You tentacle-slap the orc.
You kill the orc!
The orc closely misses you.
Unknown command.
The orc hits you with a +0 trident!
You die...
Your body crumbles into a pile of gold.

.......>#.#......
#########.#.#.#.###
#......<..#........
#.#####...###.#.#..
#.# #............
#.#####..####....##
#.....#..# #......
#.#####o#..####......
#..oh.$o......)))####
#######.##...........
#.#........#...
#.#........#...
#.##.#####.#...
#.##.# #.#..# #.##.#
#.#..# #.##.# #.#..#
.. .>#


You could see an orc wizard and 2 orcs.

Vanquished Creatures
  Sigmund (D:5)
  A water moccasin (D:5)
  A hound (D:5)
  A gnoll bouda (D:4)
  2 orc priests (D:4)
  Natasha (thrice) (D:3)
  2 orc wizards (D:5)
  4 gnolls (D:4)
  8 adders
  4 worms
  A dart slug (D:2)
  8 orcs
  5 ball pythons
  6 endoplasms
  4 giant cockroaches
  6 goblins
  13 hobgoblins
  5 jackals
  12 kobolds
  3 quokkas
  5 bats
  5 frilled lizards
  3 rats
103 creatures vanquished.

Notes
Turn   | Place    | Note
-------+----------+-------------------------------------------
     0 | D:1      | notlob the Octopode Shapeshifter began the quest for the
                  | Orb.
     0 | D:1      | Reached XP level 1. HP: 13/13 MP: 1/1
   244 | D:1      | Reached XP level 2. HP: 18/18 MP: 2/2
   505 | D:1      | Reached XP level 3. HP: 23/23 MP: 3/3
   508 | D:1      | Reached skill level 4 in Shapeshifting
  1519 | D:2      | Reached XP level 4. HP: 22/28 MP: 4/4
  1573 | D:2      | Found a radiant altar of Vehumet.
  1615 | D:2      | Found Genoty's Magic Scroll Shop.
  1633 | D:2      | Bought a scroll of identify for 20 gold pieces
  1633 | D:2      | Bought a scroll of identify for 20 gold pieces
  1635 | D:2      | Bought a scroll of identify for 20 gold pieces
  2183 | D:2      | Reached skill level 5 in Shapeshifting
  2334 | D:3      | Noticed Natasha
  2339 | D:3      | Killed Natasha
  2340 | D:3      | Reached XP level 5. HP: 26/33 MP: 5/5
  2623 | D:3      | Noticed Natasha
  2626 | D:3      | Killed Natasha
  3079 | D:3      | Noticed Natasha
  3087 | D:3      | Killed Natasha
  3447 | D:3      | Found the +7 Kryia's mail coat {PotionHeal*2 rC+}
  3761 | D:4      | Found an ancient bone altar of Kikubaaqudgha.
  3791 | D:4      | Found a white marble altar of Elyvilon.
  4056 | D:4      | Reached skill level 6 in Shapeshifting
  4059 | D:4      | Reached XP level 6. HP: 26/38 MP: 6/6
  4191 | D:5      | Entered Level 5 of the Dungeon
  4558 | D:4      | Found Zin's Purification Station.
  4558 | D:4      | Found a glowing silver altar of Zin.
  4639 | D:4      | Found a staircase to the Ecumenical Temple.
  4651 | Temple   | Entered the Ecumenical Temple
  4660 | Temple   | Became a worshipper of Gozag Ym Sagoz the Greedy
  4790 | D:5      | Found a glowing drain.
  4873 | D:5      | Reached skill level 7 in Shapeshifting
  4876 | D:5      | Noticed Sigmund
  4887 | D:5      | Noticed a water moccasin
  4893 | D:5      | Killed Sigmund
  4894 | D:5      | Reached XP level 7. HP: 9/43 MP: 7/7
  4897 | D:5      | Reached skill level 8 in Shapeshifting
  5170 | D:5      | Slain by an orc

Illustrated notes

Levels and vault maps discovered:
D:1:      sevenhm_arrival_forest_fort_small_1, layout_basic
D:2:      layout_basic, basic_altar, serial_shops, shop, st_stairs_14
D:3:      layout_basic, uniq_natasha
D:4:      layout_basic, overflow_temple_1_default, kennysheep_little_box,
          zin_purify, minmay_temple_entry_offerings,
          dreamdust_princess_corridor, minmay_gold_behind_fungi,
          serial_library_hellmonk_layered_room
D:5:      layout_basic, gup_sewer_entry_glass, uniq_sigmund
Temple:   compressed_dpeg_triangle_lava_temple

Skill      XL: |  1  2  3  4  5  6  7 |
---------------+----------------------+-----
Shapeshifting  | 4 5 6 7 8 |  8.2
Fighting       | |  1.0
Dodging        | |  2.0
Unarmed Combat | |  3.0

Action                     |  1- 3 |  4- 6 |  7- 9 || total
---------------------------+-------+-------+-------++-------
  Melee: Unarmed           |    74 |   128 |    13 ||   215
         Constrict         |    16 |    34 |     6 ||    56
         Tentacles         |    12 |    26 |     5 ||    43
         Punch             |     1 |     3 |       ||     4
   Fire: Sling             |       |    15 |       ||    15
    Use: Scroll            |     2 |     9 |       ||    11
         Potion            |       |     4 |     1 ||     5
   Stab: Sleeping          |     4 |     6 |       ||    10
 Armour: Skin              |    27 |    61 |    13 ||   101
  Dodge: Dodged            |    31 |    60 |    11 ||   102

Table legend: (Time is in decaauts)
 A = Elapsed time spent in this place.
 B = Non-inter-level travel time spent in this place.
 C = Inter-level travel time spent in this place.
 D = Time resting spent in this place.
 E = Time spent auto-exploring this place.
 F = Levels seen in this place.
 G = Mean time per level.
                   A        B        C        D        E       F      G
               +--------+--------+--------+--------+--------+-----+--------+
         Total |   5162 |   4962 |    200 |   1932 |   2127 |   6 |  860.3 |
       Dungeon |   5143 |   4960 |    183 |   1932 |   2127 |   5 | 1028.6 |
        Temple |     18 |      1 |     17 |      0 |      0 |   1 |   18.0 |
               +--------+--------+--------+--------+--------+-----+--------+

Top non-repeatable levels by time:
     D:3: 1368 daAuts
     D:2: 1179 daAuts
     D:1: 1146 daAuts
     D:4: 1018 daAuts
     D:5: 431 daAuts
  Temple: 18 daAuts
